 Dungeon Crawl Stone Soup version 0.31-a0-803-g95b03c3367 (webtiles) character file.

Game seed: 6075733472137812993

152 senseless the Changeling (level 5, -3/34 HPs)
             Began as an Octopode Shapeshifter on Sept 20, 2023.
             Was an Initiate of Trog.
             Slain by an orc priest
             ... wielding a +0 whip
              (5 damage)
             ... on level 3 of the Dungeon.
             The game lasted 00:06:11 (1930 turns).

senseless the Changeling (Octopode Shapeshifter)    Turns: 1930, Time: 00:06:11

Health: -3/34      AC:  1    Str: 11 (13) XL:     5   Next: 34%
Magic:  5/5        EV: 13    Int: 10 (13) God:    Trog [......]
Gold:   113        SH:  0    Dex: 10 (13) Spells: 4/4 levels left

rFire   . .          .
                       - Unarmed
rCold   . . .        (no shield)
rNeg    . . .        (helmet currently unavailable)
rPois   .            (no amulet)
rElec   .            (no ring)
rCorr   .            (no ring)
SInv    .            (no ring)
Will    .....        (no ring)
Stlth   +++          (no ring)
HPRegen 0.25/turn    (no ring)
MPRegen 0.09/turn    (no ring)
                     (no ring)

%: no passive effects
@: beast-form
A: beast (slay +2), almost no armour, amphibious, 8 rings, camouflage 1,
gelatinous body 1, (nimble swimmer 1), tentacles
a: Begin Untransformation, Renounce Religion


You were on level 3 of the Dungeon.
You worshipped Trog.
Trog was noncommittal.
You were a hulking beast.
You visited 1 branch of the dungeon, and saw 3 of its levels.

You collected 113 gold pieces.

Inventory:

Missiles
 k - 3 darts of dispersal (quivered)
Talismans
 b - a beast talisman (active)
 c - a flux talisman
 i - a storm talisman
Scrolls
 d - a scroll of brand weapon {unknown}
 e - a scroll of summoning {unknown}
 h - 2 scrolls of identify {unknown}
 j - 2 scrolls of noise {unknown}
 l - a scroll of enchant armour {unknown}
 m - a scroll of immolation {unknown}
 n - a scroll of enchant weapon {unknown}
 o - a scroll of amnesia {unknown}
Potions
 a - a potion of lignification
 f - 2 potions of curing {unknown}
 g - a potion of degeneration
 p - a potion of magic {unknown}


   Skills:
 + Level 2.2 Fighting
 + Level 2.7 Dodging
 + Level 2.6 Stealth
 + Level 3.5 Unarmed Combat
 * Level 4.0 Shapeshifting


You had 4 spell levels left.
You didn't know any spells.
Your spell library contained the following spells:

 Spells                   Type           Power      Damage    Failure   Level
 Tukima's Dance           Hex            0%         N/A       75%         3
 Dimensional Bullseye     Hex/Tloc       0%         N/A       98%         4
 Iskenderun's Mystic Bla  Conj/Tloc      0%         2d3       98%         4


Dungeon Overview and Level Annotations

Branches:
Dungeon (3/15)

Altars:
Trog
Zin

Shops:
D:1 =


Innate Abilities, Weirdness & Mutations

You are a hulking beast.
Your limbs bulge with bestial killing power. (Slay +2)
You cannot wear most types of armour.
You are amphibious.
You can wear up to eight rings at the same time.
Your skin changes colour to match your surroundings (Stealth+).
Your rubbery body absorbs attacks. (AC +1, EV +1)
((You are camouflaged when in or above water. (Stealth+)))
You have tentacles for arms and can constrict up to eight enemies at once.


Message History

An orc comes into view. It is wielding a +0 dagger.
An orc comes into view. It is wielding a +0 hand axe.
Okay, then.
The orc priest shouts!
The orc shouts!
The orc priest shouts!
The orc priest mumbles some strange prayers to Beogh against you.
Beogh smites you!
The orc priest miscasts a cantrip.
You closely miss the orc. Your grab misses the orc. The orc closely misses you.
You barely miss the orc. You grab the orc. You squeeze the orc!
You kill the orc!
Trog accepts your kill.
You barely miss the orc. You grab the orc. You constrict the orc.
The orc hits you with a +0 dagger.
You are too injured to fight recklessly!
You are too injured to fight recklessly!
You are too injured to fight recklessly!
You tentacle-slap the orc.
The orc is almost dead.
You constrict the orc.
You kill the orc!
Trog accepts your kill.
Your Shapeshifting skill increases to level 4!
You bludgeon the orc!
You kill the orc!
Trog accepts your kill.
You tentacle-slap the orc priest. Your grab misses the orc priest.
The orc priest is lightly wounded.
The orc priest hits you with a +0 whip.
You tentacle-slap the orc priest. Your grab misses the orc priest.
The orc priest is heavily wounded.
The orc priest calls upon Beogh to heal the orc priest.
The orc priest is healed somewhat.
The orc priest mumbles some strange prayers to Beogh against you.
Beogh smites you!
* * * LOW HITPOINT WARNING * * *
It was a potion of degeneration.
There was something very wrong with that liquid.
You feel weakened.
You feel dopey.
You feel clumsy. The orc priest hits you with a +0 whip.
You die...

#......#.#####.##.._..#.....)...#
#.#....#.# #.##.....##.......##
#........# #.##########.....##
#####.#### #.........###...## #.#
###.####### ##'## #.# #.# #.# #.#
#.# #.#### #.####### ##....#
##### #h#.....###...#+#
#~~~~###oo.##.##...## #
~~~~~~###..÷.......# #
..oo~~....###.####.# #
.....~~o..###.# #.#
.~~....~......# #.#####
~..~~o.~..##### #.#$$$#
~..o.~~...## #.##$##
.~~⌠.......##### #.#####


You could see 2 orc priests.

Vanquished Creatures
  Terence (D:3)
  3 adders (D:2)
  3 worms (D:2)
  A dart slug (D:2)
  5 orcs
  4 bats
  13 endoplasms
  4 giant cockroaches
  6 goblins
  7 hobgoblins
  5 kobolds
  6 quokkas
  10 ball pythons
  4 frilled lizards
  4 rats
76 creatures vanquished.

Notes
Turn   | Place    | Note
-------+----------+-------------------------------------------
     0 | D:1      | senseless the Octopode Shapeshifter began the quest for the
                  | Orb.
     0 | D:1      | Reached XP level 1. HP: 13/13 MP: 1/1
    88 | D:1      | Reached XP level 2. HP: 18/18 MP: 2/2
   207 | D:1      | Reached skill level 1 in Stealth
   325 | D:1      | Reached XP level 3. HP: 17/23 MP: 3/3
   669 | D:1      | Found Huizim's Jewellery Shoppe.
  1010 | D:2      | Reached XP level 4. HP: 23/29 MP: 4/4
  1514 | D:3      | Found a glowing silver altar of Zin.
  1538 | D:3      | Noticed Terence
  1555 | D:3      | Killed Terence
  1556 | D:3      | Reached XP level 5. HP: 13/34 MP: 5/5
  1740 | D:3      | Found a faded altar of an unknown god.
  1828 | D:3      | Found a bloodstained altar of Trog.
  1899 | D:3      | Became a worshipper of Trog the Wrathful
  1927 | D:3      | Reached skill level 4 in Shapeshifting
  1930 | D:3      | Slain by an orc priest

Illustrated notes

Levels and vault maps discovered:
D:1:      wander_arrival_estate, layout_loops_cross, serial_shops, shop,
          minmay_quantized
D:2:      layout_rooms
D:3:      cheibrodos_helix_gallery, layout_loops_corners,
          pdpol_temple_overflow_zin_treasury_gozag_greed,
          mainiacjoe_overflow_alcove_1, shapermc_ecumenical_altar_acropolis,
          item_on_display_a, uniq_terence

Skill      XL: |  1  2  3  4  5 |
---------------+----------------+-----
Stealth        | 1 2 |  2.6
Fighting       | 2 |  2.2
Shapeshifting  | 4 |  4.0
Dodging        | |  2.7
Unarmed Combat | |  3.5

Action                     |  1- 3 |  4- 6 || total
---------------------------+-------+-------++-------
  Melee: Unarmed           |    80 |    74 ||   154
         Constrict         |    14 |    15 ||    29
         Tentacles         |     8 |    17 ||    25
         Punch             |       |     4 ||     4
    Use: Potion            |       |     1 ||     1
   Stab: Sleeping          |     9 |     3 ||    12
 Armour: Skin              |    35 |    29 ||    64
  Dodge: Dodged            |    37 |    34 ||    71
   Form: Storm             |     1 |       ||     1
         Beast             |     1 |       ||     1

Table legend: (Time is in decaauts)
 A = Elapsed time spent in this place.
 B = Non-inter-level travel time spent in this place.
 C = Inter-level travel time spent in this place.
 D = Time resting spent in this place.
 E = Time spent auto-exploring this place.
 F = Levels seen in this place.
 G = Mean time per level.
                   A        B        C        D        E       F      G
               +--------+--------+--------+--------+--------+-----+--------+
         Total |   1919 |   1818 |    101 |     49 |   1359 |   3 |  639.7 |
       Dungeon |   1919 |   1818 |    101 |     49 |   1359 |   3 |  639.7 |
               +--------+--------+--------+--------+--------+-----+--------+

Top non-repeatable levels by time:
     D:1: 828 daAuts
     D:2: 659 daAuts
     D:3: 431 daAuts
